 Dungeon Crawl Stone Soup version 0.32-a0-40-g2adb59ae06 (webtiles) character file.

Game seed: 5574244128767739029

297 pokeman the Magician (level 6, -1/34 HPs)
             Began as a Deep Elf Hedge Wizard on Jan 25, 2024.
             Slain by an orc wizard
             ... wielding a +0 dagger
              (3 damage)
             ... on level 4 of the Dungeon.
             The game lasted 00:07:51 (3580 turns).

pokeman the Magician (Deep Elf Hedge Wizard)        Turns: 3580, Time: 00:07:52

Health: -1/34      AC:  4    Str:  7    XL:     6   Next: 12%
Magic:  1/17       EV: 13    Int: 21    God:
Gold:   189        SH:  0    Dex: 14    Spells: 7/18 levels left

rFire   . . .        n - +0 whip (elec)
rCold   . . .        (no shield)
rNeg    . . .        b - +0 robe
rPois   .            q - +0 helmet
rElec   .            (no cloak)
rCorr   .            m - +0 pair of gloves
SInv    .            (no boots)
Will    .....        (no amulet)
Stlth   ++           (no ring)
HPRegen 0.25/turn    (no ring)
MPRegen 0.15/turn

%: no passive effects
@: very slightly contaminated
A: no striking features
a: no special abilities


You were on level 4 of the Dungeon.
You visited 1 branch of the dungeon, and saw 4 of its levels.

You collected 189 gold pieces.

Inventory:

Hand Weapons
 n - a +0 whip of electrocution (weapon)
Armour
 b - a +0 robe (worn)
 m - a +0 pair of gloves (worn)
 q - a +0 helmet (worn)
 r - a +2 kite shield
Magical Staves
 o - a staff of alchemy
Scrolls
 a - a scroll of blinking {unknown}
 e - 7 scrolls of identify {unknown}
 f - a scroll of fog {unknown}
 h - a scroll of enchant armour {unknown}
 i - 2 scrolls of noise {unknown}
 j - 2 scrolls of teleportation {unknown}
 s - a scroll of poison {unknown}
Potions
 c - a potion of invisibility {unknown}
 d - a potion of magic
 g - 3 potions of curing {unknown}
 k - a potion of ambrosia {unknown}
 l - 2 potions of heal wounds {unknown}
 p - 2 potions of resistance {unknown}


   Skills:
 - Level 1.0 Fighting
 - Level 1.0 Armour
 - Level 3.0 Dodging
 - Level 3.1 Stealth
 + Level 0.9 Shields
 * Level 6.5 Spellcasting
 + Level 2.8 Conjurations
 - Level 1.1 Summonings
 - Level 1.1 Translocations
 - Level 1.0 Air Magic
 + Level 1.0 Earth Magic
 - Level 1.0 Alchemy
 - Level 1.0 Evocations


You had 7 spell levels left.
You knew the following spells:

 Your Spells              Type           Power      Damage    Failure   Level
a - Magic Dart            Conj           72%        1d6       3%          1
b - Mephitic Cloud        Conj/Alch/Air  13%        N/A       14%         3
c - Call Imp              Summ           22%        N/A       9%          2
d - Blink                 Tloc           22%        N/A       9%          2
e - Stone Arrow           Conj/Erth      30%        3d8       12%         3

Your spell library contained the following spells:

 Spells                   Type           Power      Damage    Failure   Level
 Sandblast                Erth           22%        2d7       6%          1
 Necrotise                Necr           24%        1d5       10%         1
 Slow                     Hex            24%        N/A       10%         1
 Cigotuvi's Dreadful Rot  Necr/Alch/Air  18%        N/A       11%         2
 Passwall                 Erth           11%        N/A       19%         3
 Ozocubu's Armour         Ice            6%         N/A       28%         3
 Vampiric Draining        Necr           6%         2d6       28%         3
 Brom's Barrelling Bould  Conj/Erth      15%        2d4       38%         4
 Martyr's Knell           Necr/Summ      9%         N/A       58%         4
 Curse of Agony           Necr           6%         N/A       95%         5
 Metabolic Englaciation   Hex/Ice        3%         N/A       95%         5
 Sculpt Simulacrum        Ice/Alch       4%         N/A       100%        6


Dungeon Overview and Level Annotations

Branches:
Dungeon (4/15)
 Temple: D:4-7

Altars:
Elyvilon


Message History

You miss something. Something hits you.
* * * LOW HITPOINT WARNING * * *
Casting: Magic Dart (safe; 3% risk of failure)
Confirm with . or Enter, or press ? or * to list all spells.
Aiming: Mephitic Cloud (quite dangerous; 14% risk of failure)
Press: ? - help, Shift-Dir - straight line You miscast Mephitic Cloud.
You are very lightly contaminated with residual magic.
Nothing appears to happen.
Something hits you but does no damage.
Casting: Mephitic Cloud (quite dangerous; 14% risk of failure)
Confirm with . or Enter, or press ? or * to list all spells.
Aiming: Mephitic Cloud (quite dangerous; 14% risk of failure)
Press: ? - help, Shift-Dir - straight line You miscast Mephitic Cloud.
Nothing appears to happen.
Something hits you but does no damage.
You aren't carrying any items that you can evoke.
You closely miss something.
You hear some strange, mumbled words.
A magic dart appears from out of thin air!
The magic dart hits you.
* * * LOW HITPOINT WARNING * * *
Something hits you but does no damage.
An ogre comes into view. It is wielding a +0 giant club.
You closely miss something. Something hits you but does no damage.
You closely miss something. Something hits you.
* * * LOW HITPOINT WARNING * * *
Something hits you but does no damage.
There is an open door, spattered with blood here.
Things that are here:
a +0 hand axe; an orc corpse You miss something.
Something barely misses you.
You miss something. Something hits you but does no damage.
The ogre shouts!
You hit something. Something hits you.
* * * LOW HITPOINT WARNING * * *
You hit something. Something hits you.
* * * LOW HITPOINT WARNING * * *
You closely miss something. Something hits you but does no damage.
You hit something. Your punch misses something. Something hits you.
You die...

.......#.....##..#
.......#.....+...#
.......+.....#...#
.......#.....##..#
.......#.....##..#
# ........# .#
........# ..#
......$.# ...##
#######@#.....#
.......){.....#
......).......#
..............#
....).........'
###../........#
+...........#
#......#+##..
#####+## ..


There were no monsters in sight!

Vanquished Creatures
  An ogre (D:4)
  A bombardier beetle (D:3)
  A jelly (D:2)
  Robin (D:2)
  An adder (D:2)
  4 gnolls (D:4)
  2 dart slugs
  A ribbon worm (D:3)
  5 orcs
  6 endoplasms
  4 giant cockroaches
  13 goblins
  9 hobgoblins
  4 jackals (D:3)
  5 kobolds
  A quokka (D:1)
  5 ball pythons (D:3)
  2 bats
  3 frilled lizards
  3 rats
72 creatures vanquished.

Notes
Turn   | Place    | Note
-------+----------+-------------------------------------------
     0 | D:1      | pokeman the Deep Elf Hedge Wizard began the quest for the
                  | Orb.
     0 | D:1      | Reached XP level 1. HP: 10/10 MP: 7/7
   269 | D:1      | Found a faded altar of an unknown god.
   300 | D:1      | Reached XP level 2. HP: 15/15 MP: 6/9
  1394 | D:2      | Reached skill level 5 in Spellcasting
  1728 | D:3      | Reached XP level 3. HP: 20/20 MP: 5/11
  1732 | D:3      | Learned a level 3 spell: Mephitic Cloud
  1735 | D:3      | Learned a level 2 spell: Call Imp
  1738 | D:3      | Learned a level 2 spell: Blink
  1742 | D:3      | Learned a level 3 spell: Stone Arrow
  1966 | D:2      | Noticed Robin
  1986 | D:2      | Killed Robin
  1987 | D:2      | Reached skill level 1 in Armour
  1989 | D:2      | Reached skill level 1 in Fighting
  2201 | D:2      | Reached XP level 4. HP: 15/25 MP: 4/13
  2577 | D:3      | Reached skill level 6 in Spellcasting
  2577 | D:3      | Reached XP level 5. HP: 29/29 MP: 6/15
  3012 | D:3      | Found a white marble altar of Elyvilon.
  3417 | D:4      | Noticed an ogre
  3425 | D:4      | Killed an ogre
  3426 | D:4      | Reached skill level 1 in Evocations
  3545 | D:4      | Reached skill level 1 in Air Magic
  3547 | D:4      | Reached skill level 1 in Alchemy
  3551 | D:4      | Reached XP level 6. HP: 24/34 MP: 12/17
  3555 | D:4      | Reached skill level 1 in Earth Magic
  3580 | D:4      | Slain by an orc wizard

Illustrated notes

Levels and vault maps discovered:
D:1:      wander_arrival_estate, layout_loops_ring, shapermc_ecumenical_altar_gd
D:2:      layout_basic, serial_rivers, chequers_serial_rivers_large_a,
          chequers_serial_rivers_small_a, chequers_serial_rivers_small_b,
          chequers_serial_rivers_room_a, uniq_robin
D:3:      minmay_evil_eye, layout_rooms, elyvilon_altar_3, minmay_unequal
D:4:      layout_gridville, mainiacjoe_sewer_entry_somewhere_in_here_2,
          nicolae_twisty_statue_hallways, uniq_eustachio

Skill      XL: |  1  2  3  4  5  6 |
---------------+-------------------+-----
Spellcasting   | 5 6 |  6.5
Armour         | 1 |  1.0
Fighting       | 1 |  1.0
Conjurations   | 2 |  2.8
Dodging        | 3 |  3.0
Stealth        | 3 |  3.1
Evocations     | 1 |  1.0
Air Magic      | 1 |  1.0
Alchemy        | 1 |  1.0
Earth Magic    | 1 |  1.0
Shields        | |  0.9
Summonings     | |  1.1
Translocations | |  1.1

Action                     |  1- 3 |  4- 6 || total
---------------------------+-------+-------++-------
  Melee: Dagger            |     9 |       ||     9
         Punch             |     1 |       ||     1
         Whip              |    13 |    48 ||    61
   Cast: Magic Dart        |    89 |    77 ||   166
         Blink             |     9 |       ||     9
         Mephitic Cloud    |     1 |     6 ||     7
   Stab: Confused          |       |     3 ||     3
 Armour: Robe              |    18 |    26 ||    44
  Dodge: Dodged            |    20 |    24 ||    44

Table legend: (Time is in decaauts)
 A = Elapsed time spent in this place.
 B = Non-inter-level travel time spent in this place.
 C = Inter-level travel time spent in this place.
 D = Time resting spent in this place.
 E = Time spent auto-exploring this place.
 F = Levels seen in this place.
 G = Mean time per level.
                   A        B        C        D        E       F      G
               +--------+--------+--------+--------+--------+-----+--------+
         Total |   3597 |   3532 |     65 |    126 |   2819 |   4 |  899.2 |
       Dungeon |   3597 |   3532 |     65 |    126 |   2819 |   4 |  899.2 |
               +--------+--------+--------+--------+--------+-----+--------+

Top non-repeatable levels by time:
     D:2: 1526 daAuts
     D:1: 1020 daAuts
     D:3: 884 daAuts
     D:4: 165 daAuts
